 Dungeon Crawl Stone Soup version 0.17.0-28-g6e173f8 (console) character file.

11089 Kloppie the Fighter (level 11, -2/105 HPs)
             Began as a Hill Orc Fighter on Nov 29, 2015.
             Was a Priest of Elyvilon.
             Slain by a hell rat (13 damage)
             ... on level 1 of the Lair of Beasts.
             The game lasted 00:23:41 (12786 turns).

Kloppie the Fighter (Hill Orc Fighter)             Turns: 12786, Time: 00:23:41

Health: -2/105     AC: 17    Str: 20    XL:     11   Next: 72%
Magic:  17/18      EV:  5    Int:  8    God:    Elyvilon [***...]
Gold:   682        SH:  9    Dex: 13    Spells: 0 memorised, 10 levels left

rFire  . . .     SeeInvis +     a - +1 war axe
rCold  . . .     Clarity  .     y - +0 chain mail
rNeg   + . .     SustAt   .     c - +0 shield
rPois  .         Gourm    .     s - +2 hat
rElec  .         Spirit   .     K - +0 cloak
rCorr  .         Warding  .     r - +1 pair of gloves
rMut   .         Stasis   .     (no boots)
MR     .....                    (no amulet)
Stlth  ..........               o - ring of see invisible
                                p - ring of positive energy

@: drained, not resistant to hostile enchantments, extremely unstealthy
A: no striking features
a: Lesser Healing, Heal Other, Purification, Divine Protection, Renounce
Religion


You were on level 1 of the Lair of Beasts.
You worshipped Elyvilon.
Elyvilon was most pleased with you.
You were near starving.

You visited 3 branches of the dungeon, and saw 12 of its levels.

You collected 682 gold pieces.

Inventory:

Hand Weapons
 a - a +1 war axe (weapon)
Armour
 c - a +0 shield (worn)
 r - a +1 pair of gloves (worn)
 s - a +2 hat (worn)
 y - a +0 chain mail (worn)
 H - a +0 plate armour
 K - a +0 cloak (worn)
Jewellery
 g - an uncursed ring of flight
 o - a ring of see invisible (right hand)
 p - a ring of positive energy (left hand)
 u - an uncursed ring of teleportation
 w - an uncursed ring of ice {unknown}
Wands
 t - a wand of slowing (22)
 J - a wand of lightning (12)
Scrolls
 f - 2 scrolls of enchant armour
 h - 2 scrolls of immolation
 j - 2 scrolls of teleportation
 k - 3 scrolls of remove curse
 n - 3 scrolls of fear
 x - 2 scrolls of recharging
 I - 3 scrolls of magic mapping
 M - a scroll of enchant weapon
Potions
 b - 3 potions of haste
 d - 2 potions of might
 m - 2 potions of flight
 A - a potion of resistance
 C - 4 potions of curing
 D - a potion of ambrosia {unknown}
 G - 3 potions of heal wounds {unknown}
Comestibles
 e - 13 bread rations
 i - 4 meat rations
 l - 7 fruits
 v - a beef jerky


   Skills:
 + Level 12.6(11.5) Fighting
 - Level 10.5(9.4) Axes
 + Level 11.5(10.5) Armour
 - Level 3.2(2.4) Shields
 - Level 10.0(9.0) Invocations


You had 10 spell levels left.
You didn't know any spells.

Dungeon Overview and Level Annotations

Branches:
Dungeon (10/15)            Temple (1/1) D:5            Lair (1/8) D:10
    Orc (0/4) D:10

Altars:
Ashenzari
Cheibriados
Dithmenos
Elyvilon
Fedhas
Gozag
Kikubaaqudgha
Makhleb
Nemelex Xobeh
Okawaru
Qazlal
Ru
Sif Muna
Trog
Vehumet
Xom
Yredelemnul
Zin
The Shining One


Message History

Drink which item? (? for menu, Esc to quit)
You feel better.
The hell rat roars!
You block the hell rat's attack. x2
You barely miss the hell rat.
The hell rat is moderately wounded.
The hell rat bites you!
* * * LOW HITPOINT WARNING * * *
A rat comes into view.
The hell rat bites you but does no damage.
Okay, then.
Okay, then.
Press: ? - help, Dir - move target cursor, f - hell rat Heal: a hell rat (moderately wounded)
The hell rat turns neutral.
You heal the hell rat.
The hell rat is completely healed.
You are near starving!
The hell rat bites something!
The hell rat bites you!
You die...

....................#.###
......(.............###
.....#...............#
#.................####
#.................#
#.##...........##.#
#..##..........####
#.###......##...##
#......###.###@..#
#......###..##.r.#
###........##.####r#
#....##.P### # #P.# .
###.###### ##.##### .#
#......# #...#.#######.##
#..#...##
####r#..##.rr..r
#..!#...# #####rr###...
##...###P# #### .#


You could see a hell rat and a neutral hell rat (wandering).

Vanquished Creatures
  A faun (Lair:1)
  A cyclops (D:10)
  A griffon (D:10)
  Joseph (D:10)
  Psyche (D:9)
  3 komodo dragons (Lair:1)
  A troll (D:10)
  3 two-headed ogres
  2 hippogriffs
  3 yaks
  A hungry ghost (D:10)
  Grum (D:8)
  A human (D:8)
  Menkaure (D:5)
  A wyvern (D:10)
  3 wolves (D:8)
  2 porcupines (Lair:1)
  Duvessa (D:5)
  An orc warrior (D:9)
  2 black bears
  3 ice beasts
  A sky beast (D:10)
  4 centaurs
  A necrophage (D:6)
  2 wasps
  10 ogres
  3 crocodiles (Lair:1)
  10 giant frogs
  A gnoll sergeant (D:4)
  Dowan (D:5)
  A water moccasin skeleton (D:5)
  4 killer bees (D:9)
  7 wights
  3 scorpions
  4 crimson imps
  7 orc priests
  A centaur zombie (D:7)
  5 hounds
  A centaur skeleton (D:9)
  A giant frog skeleton (D:6)
  5 orc wizards
  2 iguanas
  Ijyb (D:2)
  7 worker ants
  6 hell rats (Lair:1)
  2 killer bee zombies (D:8)
  12 sheep
  A hound skeleton (D:4)
  2 hound zombies
  13 adders
  13 gnolls
  15 river rats
  3 oozes
  2 adder zombies
  An adder skeleton (D:5)
  2 worms (D:4)
  6 giant geckos
  37 orcs
  A ball python (D:3)
  3 giant cockroaches
  9 goblins
  6 hobgoblins
  5 jackals
  4 kobolds
  9 quokkas
  6 bats
  A giant gecko zombie (D:8)
  17 giant newts
  A jackal zombie (D:9)
  A quokka zombie (D:6)
  11 rats
  11 fungi (D:10)
  3 plants
319 creatures vanquished.

Vanquished Creatures (others)
  A wolf (D:8)
  A rat (Lair:1)
  4 fungi (D:10)
  A plant (Lair:1)
7 creatures vanquished.

Grand Total: 326 creatures vanquished

Notes
Turn   | Place    | Note
--------------------------------------------------------------
     0 | D:1      | Kloppie the Hill Orc Fighter began the quest for the Orb.
     0 | D:1      | Reached XP level 1. HP: 19/19 MP: 1/1
   366 | D:1      | Reached XP level 2. HP: 18/27 MP: 2/2
   524 | D:1      | Reached skill level 4 in Fighting
   613 | D:1      | Reached XP level 3. HP: 26/33 MP: 3/3
  1368 | D:2      | Reached XP level 4. HP: 35/41 MP: 4/4
  1445 | D:2      | Reached skill level 5 in Fighting
  1752 | D:2      | Noticed Ijyb
  1752 | D:2      | Reached skill level 5 in Axes
  1753 | D:2      | Reached XP level 5. HP: 48/48 MP: 5/5
  1764 | D:2      | Killed Ijyb
  2502 | D:3      | Reached skill level 6 in Fighting
  2771 | D:4      | Found a shadowy altar of Dithmenos.
  2834 | D:4      | Reached XP level 6. HP: 52/58 MP: 6/6
  3288 | D:4      | Reached skill level 7 in Fighting
  3323 | D:4      | Found a glowing silver altar of Zin.
  3498 | D:4      | Reached XP level 7. HP: 47/66 MP: 7/7
  4063 | D:4      | Gained mutation: Scrolls take you a little longer to read. [potion of mutation]
  4063 | D:4      | Gained mutation: You occasionally shout uncontrollably at your foes. [potion of mutation]
  4063 | D:4      | Gained mutation: Your magical capacity is low (-10% MP). [potion of mutation]
  4064 | D:4      | Lost mutation: You occasionally shout uncontrollably at your foes. [potion of cure mutation]
  4064 | D:4      | Lost mutation: Your magical capacity is low (-10% MP). [potion of cure mutation]
  4064 | D:4      | Lost mutation: Scrolls take you a little longer to read. [potion of cure mutation]
  4067 | D:5      | Entered Level 5 of the Dungeon
  4100 | D:5      | Noticed Duvessa
  4100 | D:5      | Noticed Dowan
  4113 | D:5      | Killed Duvessa
  4122 | D:5      | Killed Dowan
  4180 | D:5      | Reached skill level 8 in Fighting
  4416 | D:4      | Reached XP level 8. HP: 43/75 MP: 8/8
  4691 | D:5      | Reached skill level 9 in Axes
  4987 | D:5      | Found a deep blue altar of Sif Muna.
  5135 | D:5      | Noticed Menkaure
  5140 | D:5      | Killed Menkaure
  5197 | D:5      | Found a staircase to the Ecumenical Temple.
  5202 | Temple   | Entered the Ecumenical Temple
  5276 | Temple   | Became a worshipper of Elyvilon the Healer
  5478 | D:5      | Reached skill level 10 in Axes
  5801 | D:6      | Reached skill level 10 in Fighting
  5835 | D:6      | Reached XP level 9. HP: 69/85 MP: 9/9
  5880 | D:6      | Reached skill level 1 in Invocations
  6433 | D:6      | Reached * piety under Elyvilon
  6736 | D:7      | Reached skill level 5 in Armour
  6817 | D:7      | Reached skill level 5 in Invocations
  7501 | D:7      | Found a shattered altar of Ashenzari.
  7863 | D:8      | Reached ** piety under Elyvilon
  7947 | D:8      | Noticed Grum
  7956 | D:8      | Reached XP level 10. HP: 54/93 MP: 15/15
  8358 | D:8      | Killed Grum
  8550 | D:8      | Found a bloodstained altar of Trog.
  9744 | D:9      | Reached *** piety under Elyvilon
  9817 | D:9      | Found a basalt altar of Yredelemnul.
  9836 | D:9      | Found a deep blue altar of Sif Muna.
  9845 | D:9      | Found a snail-covered altar of Cheibriados.
  9928 | D:9      | Reached skill level 10 in Invocations
 10211 | D:9      | Noticed Psyche
 10224 | D:9      | Killed Psyche
 10508 | D:10     | Entered Level 10 of the Dungeon
 10508 | D:10     | Found a staircase to the Orcish Mines.
 10584 | D:10     | Found a staircase to the Lair.
 10615 | D:10     | Reached XP level 11. HP: 52/101 MP: 18/18
 10675 | D:10     | Reached skill level 11 in Fighting
 10675 | D:10     | Reached skill level 10 in Armour
 11091 | D:10     | Found a bloodstained altar of Trog.
 11158 | D:10     | Noticed Joseph
 11160 | D:10     | Reached **** piety under Elyvilon
 11170 | D:10     | Killed Joseph
 11306 | D:10     | Found a runed door.
 11493 | D:10     | Noticed a griffon
 11508 | D:10     | Killed a griffon
 11691 | Lair:1   | Entered Level 1 of the Lair of Beasts
 11728 | Lair:1   | Reached skill level 12 in Fighting
 12692 | Lair:1   | HP: 4/105 [hell rat (13)]
 12692 | Lair:1   | Elyvilon protects you from harm!
 12786 | Lair:1   | Slain by a hell rat

Action                   |  1- 3 |  4- 6 |  7- 9 | 10-12 || total
-------------------------+-------+-------+-------+-------++-------
Melee: War axe           |    98 |   240 |   341 |   637 ||  1316
       Unarmed           |       |     6 |       |       ||     6
Invok: Heal Other        |       |       |       |     3 ||     3
       Greater Healing   |       |       |       |     4 ||     4
  Use: Scroll            |       |       |    19 |     4 ||    23
       Potion            |       |       |     2 |     4 ||     6
 Stab: Invisible         |       |       |       |     1 ||     1
  Eat: Chunk             |       |     9 |     4 |    15 ||    28
       Meat ration       |       |       |     2 |       ||     2
       Beef jerky        |       |       |     1 |       ||     1
       Pizza             |       |       |       |     7 ||     7
